 Dungeon Crawl Stone Soup version 0.24-a0-280-g7cec4da (webtiles) character file.

Game seed: 12068244826113478107

62542 AlmondAAA the Thaumaturge (level 14, -2/103 HPs)
             Began as a Mummy Air Elementalist on May 15, 2019.
             Was an Initiate of Gozag.
             Slain by a lindwurm (16 damage)
             ... on level 6 of the Lair of Beasts.
             The game lasted 01:20:20 (26676 turns).

AlmondAAA the Thaumaturge (Mummy Air Elementalist) Turns: 26676, Time: 01:20:21

Health: -2/103     AC: 24    Str: 11    XL:     14   Next: 64%
Magic:  15/31      EV: 20    Int: 21    God:    Gozag
Gold:   1419       SH:  0    Dex: 21    Spells: 17/39 levels left

rFire    . . .     SeeInvis .   s - +7 dire flail (freeze)
rCold    + + .     Gourm    .   (shield currently unavailable)
rNeg     + + +     Faith    .   o - +7 ring mail of Polytheism {rF- Regen+ Int+2 Slay+3}
rPois    ∞         Spirit   .   m - +2 helmet
rElec    +         Reflect  .   O - +0 cloak {rPois}
rCorr    +         Harm     .   M - +2 pair of gloves {Dex+3}
MR       +....                  r - +2 pair of boots
Stlth    ++++......             (no amulet)
HPRegen  0.67/turn              i - ring of protection from cold
MPRegen  0.22/turn              J - ring of fire

@: agile, resistant, slowed, invisible, very slow
A: no food or potions, fire vulnerability, cold resistance 1, negative energy
resistance 3, torment resistance, unbreathing, in touch with death 1
a: Potion Petition, Call Merchant, Bribe Branch, Renounce Religion


You were on level 6 of the Lair of Beasts.
You worshipped Gozag.
Gozag was most pleased with you.
You were not hungry.

You visited 2 branches of the dungeon, and saw 18 of its levels.

You collected 6112 gold pieces.
You spent 946 gold pieces at shops.
You paid 3747 gold pieces to Gozag.

Inventory:

Hand Weapons
 c - a +0 dagger
 s - a +7 dire flail of freezing (weapon)
 u - a +0 hand axe of electrocution
Missiles
 d - 2 throwing nets
 k - 604 stones (quivered)
 E - 2 arrows
Armour
 a - a +0 robe
 e - a +0 leather armour
 m - a +2 helmet (worn)
 o - the +7 ring mail of Polytheism (worn) {rF- Regen+ Int+2 Slay+3}
   (You found it on level 7 of the Dungeon)

   It affects your intelligence (+2).
   It affects your accuracy and damage with ranged weapons and melee attacks
   (+3).
   It makes you vulnerable to fire.
   It increases your rate of regeneration.
 r - a +2 pair of boots (worn)
 M - a +2 pair of gloves of dexterity (worn)
 N - the +0 leather armour of the Swan {rElec rPois rF+}
   (You bought it in a shop on level 10 of the Dungeon)

   It protects you from fire.
   It insulates you from electricity.
   It protects you from poison.
 O - a +0 cloak of poison resistance (worn)
Magical Staves
 h - an uncursed staff of power
Jewellery
 b - an uncursed ring of flight
 i - a ring of protection from cold (left hand)
 l - an uncursed ring of protection from fire
 w - a +3 ring of evasion
 z - the ring of Athrer {MR+ SInv}
   (You acquired it on level 7 of the Dungeon)

   [ring of protection from magic]

   It affects your resistance to hostile enchantments.
   It lets you see invisible.
 J - a ring of fire (right hand)
 S - an uncursed ring of protection from magic
 U - an uncursed ring of see invisible
Wands
 p - a wand of paralysis (13)
 q - a wand of acid (10)
 t - a wand of clouds (12)
 v - a wand of disintegration (30)
 y - a wand of flame (64)
 A - a wand of digging (7)
 D - a wand of iceblast (33)
 H - a wand of random effects (25)
 R - a wand of enslavement (14)
Scrolls
 g - 3 scrolls of noise
 j - 2 scrolls of magic mapping
 n - 7 scrolls of remove curse
 x - a scroll of vulnerability
 C - a scroll of amnesia
 F - a scroll of enchant armour
 G - 4 scrolls of teleportation
 I - 8 scrolls of identify
 L - a scroll of brand weapon
 P - a scroll of fear
 Q - a scroll of summoning
 T - 2 scrolls of immolation
Miscellaneous
 f - a crystal ball of energy
 K - a phial of floods
Comestibles
 B - 31 rations


   Skills:
 * Level 7.1 Fighting
 + Level 8.7 Maces & Flails
 + Level 6.1 Armour
 + Level 6.1 Dodging
 - Level 7.0 Stealth
 - Level 13.0 Spellcasting
 - Level 10.0 Conjurations
 - Level 1.0 Charms
 - Level 8.0 Air Magic
 - Level 6.0 Evocations


You had 17 spell levels left.
You knew the following spells:

 Your Spells              Type           Power        Failure   Level  Hunger
a - Shock                 Conj/Air       ####         1%          1    N/A
b - Swiftness             Chrm/Air       ####....     2%          2    N/A
c - Static Discharge      Conj/Air       ######..     1%          3    N/A
d - Airstrike             Air            #####.....   3%          4    N/A
e - Lightning Bolt        Conj/Air       ######....   7%          5    N/A
f - Dazzling Spray        Conj/Hex       ####..       3%          3    N/A
g - Searing Ray           Conj           ######       1%          2    N/A
h - Passwall              Tmut/Erth      ##......     16%         2    N/A

Your spell library contained the following spells:

 Spells                   Type           Power        Failure   Level  Hunger
 Magic Dart               Conj           ####         1%          1    N/A
 Iskenderun's Mystic Bla  Conj           ######..     1%          4    N/A
 Stone Arrow              Conj/Erth      ####..       3%          3    N/A
 Sandblast                Erth           ##....       10%         1    N/A
 Force Lance              Conj/Tloc      ####....     13%         4    N/A
 Fulminant Prism          Conj/Hex       ####......   13%         4    N/A
 Petrify                  Tmut/Erth      ##......     69%         4    N/A
 Lee's Rapid Deconstruct  Erth           ##........   95%         5    N/A

Dungeon Overview and Level Annotations

Branches:
Dungeon (12/15)            Temple (0/1) D:7            Lair (6/6) D:10
  Swamp (0/4) Lair:3       Spider (0/4) Lair:4        Slime (0/5) Lair:5
    Orc (0/2) D:10

Altars:
Ashenzari
Cheibriados
Dithmenos
Gozag
Trog
Uskayaw
Vehumet
Wu Jian
Xom
The Shining One
Beogh

Shops:
D:10 [   Lair:1 *   Lair:5 :[

Annotations:
D:2 Sigmund
D:9 3 runed translucent doors
Lair:1 1 runed translucent door, ada482's ghost, novice DgCj


Innate Abilities, Weirdness & Mutations

You do not eat or drink.
Your flesh is vulnerable to fire.
You are immune to poison.
Your flesh is cold resistant. (rC+)
You are immune to negative energy. (rN+++)
You are immune to unholy pain and torment.
You can survive without breathing.
You are in touch with the powers of death.


Message History

The torpor snail is struck by an arc of lightning!
The torpor snail is severely wounded.
The lightning grounds out.
The lindwurm breathes flames at you. The blast of flame hits you!!!
The fire burns you terribly!
Ouch! That really hurt!
* * * LOW HITPOINT WARNING * * *
The torpor snail bites you but does no damage.
The lindwurm misses you.
The lindwurm claws you but does no damage. x2
Okay, then. [a] - 484 gold - resistance, invisibility and agility [b] - 320 gold - heal wounds, curing and magic [c] - 500 gold - might, agility, brilliance, haste and flight Purchase which effect?
You no longer have enough gold to fund merchants seeking to open stores in the dungeon.
You feel protected.
You fade into invisibility!
You feel agile all of a sudden. The lindwurm bites you!
You die...
Your body crumbles into a pile of gold.

*,,,** *#,#.,,,* ##.P...###
*,,*** ##.#..,***
##..####### **,,.** #.#..,**
#....# ##. **,..####...*,*
###..## #.. *,*......P.##**
##..# #.. *****#...$...####
#...####. **,,,***#.P....#.#
###...#'#
*,,,,,*#.###wk..######
##...## **,,,$****
##w@...##.# ###..⌠# *,,***
***#..#.....#####...###
*,,,****P....##.....#.#...##
**,,,,......#####........##
***,,..####* #.##.P.##.#
***#** ###########


You could see a tyrant leech, a torpor snail and a lindwurm.

Vanquished Creatures
  Josephine (Lair:6)
  8 hydras
  An ice dragon (Lair:6)
  A centaur warrior (D:9)
  3 two-headed ogres
  15 death yaks
  Sonja (Lair:1)
  An unseen horror (D:12)
  2 ugly things (D:11)
  A wolf spider (Lair:6)
  3 cyclopes
  3 elephants (Lair:1)
  11 black mambas
  A guardian serpent (Lair:6)
  A gargoyle (D:11)
  13 spiny frogs
  A torpor snail (Lair:6)
  13 komodo dragons
  A rime drake (Lair:3)
  A freezing wraith (D:9)
  3 trolls
  3 hornets (Lair:6)
  A tyrant leech (Lair:3)
  Prince Ribbit (D:8)
  3 blink frogs (Lair:5)
  9 dream sheep (Lair:6)
  9 hippogriffs
  5 redbacks (Lair:6)
  A spriggan (D:12)
  37 yaks
  3 wraiths (Lair:6)
  13 wyverns
  3 basilisks
  A steam dragon (D:10)
  Menkaure (D:5)
  25 water moccasins
  10 porcupines
  4 ice beasts
  An eye of draining (D:12)
  7 orc warriors
  6 sky beasts
  A black bear (D:8)
  6 ogres
  A necrophage (D:11)
  10 centaurs
  A phantom (D:9)
  11 wolves
  9 crocodiles
  A big kobold (D:10)
  14 bullfrogs
  4 jellies
  A water moccasin skeleton (D:4)
  A wyvern skeleton (D:12)
  6 scorpions
  5 killer bees (D:7)
  A howler monkey (D:9)
  4 wights
  2 centaur zombies
  A crimson imp (D:12)
  A quasit (D:9)
  A bullfrog zombie (D:12)
  3 centaur skeletons
  8 orc priests
  8 hounds
  20 worker ants
  6 iguanas
  14 orc wizards
  7 hell rats (Lair:5)
  A killer bee zombie (D:9)
  2 hound skeletons
  A mummy (D:8)
  7 gnolls
  5 adders
  2 shadow imps
  7 oozes
  3 adder skeletons
  A worm (D:2)
  A dart slug (D:2)
  4 leopard geckos
  51 orcs
  7 bats
  8 giant cockroaches
  5 goblins
  12 hobgoblins
  10 jackals
  5 quokkas
  A ball python (D:1)
  A ball python zombie (D:6)
  4 frilled lizards
  2 giant cockroach zombies
  9 kobolds
  A leopard gecko zombie (D:8)
  2 quokka zombies
  6 rats
  2 plants (Lair:6)
535 creatures vanquished.

Vanquished Creatures (others)
  14 fungi
  42 plants
56 creatures vanquished.

Grand Total: 591 creatures vanquished

Notes
Turn   | Place    | Note
-------+----------+-------------------------------------------
     0 | D:1      | AlmondAAA the Mummy Air Elementalist began the quest for
                  | the Orb.
     0 | D:1      | Reached XP level 1. HP: 13/13 MP: 4/4
     2 | D:1      | Noticed a draconian
     2 | D:1      | Noticed a centaur
     4 | D:1      | Noticed a merfolk
     4 | D:1      | Noticed a spriggan
     6 | D:1      | Noticed an ogre
     8 | D:1      | Noticed a ghoul
     8 | D:1      | Noticed a tengu
    10 | D:1      | Noticed a minotaur
    12 | D:1      | Noticed a human
    12 | D:1      | Noticed a gargoyle
    14 | D:1      | Noticed a felid
    16 | D:1      | Noticed a formicid
    16 | D:1      | Noticed a halfling
    18 | D:1      | Noticed an elf
    20 | D:1      | Noticed a vine stalker
    20 | D:1      | Noticed a naga
    22 | D:1      | Noticed a dwarf
    22 | D:1      | Noticed an octopode
    24 | D:1      | Noticed a demigod
    24 | D:1      | Noticed a troll
    26 | D:1      | Noticed a demonspawn
    26 | D:1      | Noticed a vampire
    44 | D:1      | Reached skill level 1 in Conjurations
   157 | D:1      | Reached skill level 3 in Spellcasting
   158 | D:1      | Reached XP level 2. HP: 18/19 MP: 1/6
   949 | D:1      | Learned a level 2 spell: Swiftness
  1058 | D:1      | Reached XP level 3. HP: 24/24 MP: 4/7
  1646 | D:2      | Reached XP level 4. HP: 30/30 MP: 4/9
  1863 | D:2      | Noticed Sigmund
  2619 | D:2      | Reached skill level 1 in Charms
  2671 | D:3      | Found a glowing golden altar of the Shining One.
  2705 | D:3      | Found a shattered altar of Ashenzari.
  2820 | D:3      | Learned a level 3 spell: Static Discharge
  2825 | D:3      | Learned a level 4 spell: Airstrike
  3083 | D:3      | Found an opulent altar of Gozag.
  3087 | D:3      | Became a worshipper of Gozag Ym Sagoz the Greedy
  3091 | D:3      | Found an ornate altar of the Wu Jian Council.
  3094 | D:3      | Found a bloodstained altar of Trog.
  3114 | D:3      | Reached skill level 4 in Spellcasting
  3258 | D:3      | Noticed a water moccasin
  3270 | D:3      | Killed a water moccasin
  3270 | D:3      | Reached XP level 5. HP: 12/35 MP: 1/12
  3561 | D:3      | Found a shadowy altar of Dithmenos.
  3741 | D:4      | Reached XP level 6. HP: 35/41 MP: 6/13
  3798 | D:4      | Reached skill level 5 in Spellcasting
  4601 | D:5      | Entered Level 5 of the Dungeon
  4695 | D:5      | Reached XP level 7. HP: 46/46 MP: 10/15
  4984 | D:5      | Reached skill level 6 in Spellcasting
  5338 | D:5      | Noticed Menkaure
  5362 | D:5      | Killed Menkaure
  5974 | D:6      | Reached skill level 5 in Air Magic
  5992 | D:6      | Reached XP level 8. HP: 51/52 MP: 8/18
  6582 | D:6      | Reached skill level 7 in Spellcasting
  6983 | D:6      | Reached skill level 5 in Conjurations
  7059 | D:6      | Reached skill level 8 in Spellcasting
  7515 | D:6      | Learned a level 5 spell: Lightning Bolt
  7548 | D:7      | Reached XP level 9. HP: 57/57 MP: 14/21
  7591 | D:7      | Found a staircase to the Ecumenical Temple.
  8126 | D:7      | Reached skill level 9 in Spellcasting
  8199 | D:7      | Got a slimy ring mail
  8210 | D:7      | Identified the +7 ring mail of Polytheism {rF- Regen+ Int+2
                  | Slay+3} (You found it on level 7 of the Dungeon)
  8225 | D:7      | Found a shimmering altar of Xom.
  8306 | D:7      | Identified a scroll of acquirement
  8308 | D:7      | Got a scorched jade ring
  8310 | D:7      | Identified the ring of Athrer {MR+ SInv} (You acquired it
                  | on level 7 of the Dungeon)
  8582 | D:8      | Found a snail-covered altar of Cheibriados.
  8668 | D:8      | Noticed a two-headed ogre
  9156 | D:8      | Noticed Prince Ribbit
  9162 | D:8      | Killed Prince Ribbit
  9293 | D:8      | Found a hide-covered altar of Uskayaw.
  9319 | D:8      | Reached skill level 10 in Spellcasting
  9357 | D:8      | Killed a two-headed ogre
  9357 | D:8      | Reached XP level 10. HP: 41/63 MP: 3/24
  9490 | D:8      | Found a radiant altar of Vehumet.
 10012 | D:9      | Reached skill level 1 in Fighting
 10094 | D:9      | Reached skill level 1 in Armour
 10115 | D:9      | Noticed a centaur warrior
 10880 | D:9      | Killed a centaur warrior
 11473 | D:9      | Noticed a cyclops
 11759 | D:9      | Killed a cyclops
 11899 | D:9      | You fall through a shaft!
 11899 | D:10     | Entered Level 10 of the Dungeon
 11933 | D:9      | Found a runed translucent door.
 11937 | D:9      | Found a runed translucent door.
 11937 | D:9      | Found a runed translucent door.
 12241 | D:9      | Noticed a faun
 12365 | D:9      | Noticed a shining eye
 12528 | D:10     | Found a staircase to the Orcish Mines.
 12760 | D:10     | Reached XP level 11. HP: 78/78 MP: 15/25
 13063 | D:10     | Noticed a two-headed ogre
 13139 | D:10     | Reached skill level 5 in Fighting
 13139 | D:10     | Reached skill level 1 in Maces & Flails
 13270 | D:10     | Killed a two-headed ogre
 13401 | D:10     | Found a roughly hewn altar of Beogh.
 13531 | D:10     | Reached skill level 5 in Dodging
 13554 | D:10     | Found a staircase to the Lair.
 13725 | D:10     | Bought a pair of glowing gloves for 210 gold pieces
 13725 | D:10     | Bought a pitted leather armour for 196 gold pieces
 13740 | D:10     | Identified the +0 leather armour of the Swan {rElec rPois
                  | rF+} (You bought it in a shop on level 10 of the Dungeon)
 13750 | D:10     | Bought a glowing cloak for 210 gold pieces
 13890 | D:11     | Noticed a five-headed hydra
 13922 | D:11     | Noticed a brown ugly thing
 13949 | D:11     | Noticed a five-headed hydra
 14174 | D:12     | Reached skill level 5 in Armour
 14617 | D:11     | Killed a brown ugly thing
 14833 | D:11     | Killed a five-headed hydra
 14833 | D:11     | Reached skill level 5 in Maces & Flails
 15130 | D:11     | Noticed a white ugly thing
 15174 | D:11     | Killed a white ugly thing
 15651 | D:11     | Reached skill level 1 in Evocations
 15850 | D:11     | Found a roughly hewn altar of Beogh.
 15930 | D:11     | Noticed a two-headed ogre
 15957 | D:11     | Killed a two-headed ogre
 16172 | D:11     | Reached XP level 12. HP: 86/86 MP: 13/26
 16552 | D:11     | Killed a five-headed hydra
 17347 | D:12     | Noticed a seven-headed hydra
 17353 | D:12     | Killed a seven-headed hydra
 18152 | Lair:1   | Entered Level 1 of the Lair of Beasts
 18176 | Lair:1   | Noticed a six-headed hydra
 18189 | Lair:1   | Killed a six-headed hydra
 18552 | Lair:1   | Found a runed translucent door.
 18575 | Lair:1   | Noticed Sonja
 18579 | Lair:1   | Killed Sonja
 18760 | Lair:1   | You fall through a shaft!
 18779 | Lair:2   | Reached skill level 11 in Spellcasting
 19452 | Lair:1   | Bought a book of Conjurations for 330 gold pieces
 19549 | Lair:1   | Noticed ada482's ghost (novice DgCj)
 19558 | Lair:1   | Learned a level 3 spell: Dazzling Spray
 19561 | Lair:1   | Learned a level 2 spell: Searing Ray
 20369 | Lair:3   | Noticed a seven-headed hydra
 20553 | Lair:3   | Killed a seven-headed hydra
 20553 | Lair:3   | Gained mutation: You are in touch with the powers of death.
                  | [Mummy growth]
 20553 | Lair:3   | Reached XP level 13. HP: 65/91 MP: 12/28
 20691 | Lair:2   | Reached skill level 5 in Stealth
 21340 | Lair:3   | Found a staircase to the Swamp.
 21467 | Lair:4   | Found an ornate altar of the Wu Jian Council.
 21521 | Lair:4   | Found a hole to the Spider Nest.
 21870 | Lair:4   | You fall through a shaft for 2 floors!
 21870 | Lair:6   | Entered Level 6 of the Lair of Beasts
 21915 | Lair:6   | Reached skill level 12 in Spellcasting
 21975 | Lair:6   | Noticed Josephine
 21986 | Lair:6   | Killed Josephine
 22660 | Lair:6   | Reached skill level 13 in Spellcasting
 22685 | Lair:6   | Learned a level 2 spell: Passwall
 23296 | Lair:5   | Found a staircase to the Slime Pits.
 23405 | Lair:5   | Reached skill level 5 in Evocations
 23405 | Lair:5   | Reached XP level 14. HP: 76/98 MP: 31/31
 23670 | Lair:4   | Reached skill level 10 in Conjurations
 25454 | Lair:5   | Found a staircase to the Slime Pits.
 25470 | Lair:5   | Found Gastecie's Armour Boutique.
 25633 | Lair:5   | Found Aminog's Book Shoppe.
 26514 | Lair:6   | Found a runed translucent door.
 26676 | Lair:6   | Slain by a lindwurm

Levels and vault maps discovered:
D:1:      kb_arrival_jail, layout_loops_corners, serial_bayou_pond_a
D:2:      layout_rooms, serial_park_tiny_1, minmay_quadrilaterals, uniq_sigmund
D:3:      layout_loops_cross, grunt_temple_overflow_open,
          grunt_temple_overflow_diamond, supply_closet_lemuel,
          grunt_dithmenos_smoke_and_mirrors
D:4:      layout_loops_ring
D:5:      layout_basic, first_ration, uniq_menkaure
D:6:      layout_loops_ring
D:7:      layout_loops_ring, overflow_temple_1_default,
          minmay_temple_entry_stoned_glass
D:8:      layout_loops_cross, vehumet_altar_wand_db,
          nicolae_overflow_crystal_walls, slow_altar_1, uniq_prince_ribbit1
D:9:      minmay_the_grid_four_pointed_star_mashed
          [minmay_the_grid_triangle_9x9_empty,
          minmay_the_grid_triangle_9x9_sparse_checkered,
          minmay_the_grid_triangle_9x9_sprig,
          minmay_the_grid_triangle_9x9_fully_insulated_deathbox,
          minmay_the_grid_prize_four_corners], layout_grid_maze
D:10:     layout_loops_ring, erik_lair_dragon, minmay_orc_entry_temple_small
D:11:     layout_basic, special_room [special_room_orc]
D:12:     layout_stronghold, the_bakery, kennysheep_generic_room_10
Lair:1:   beast_lair_carwin_large_2, layout_hall_layers,
          ebering_ghost_reflecting_pool, lemuel_fruit_fields, uniq_sonja
Lair:2:   layout_cave_pods, grunt_megastairs_4
Lair:3:   layout_regular_city, minmay_swamp_entry_worms,
          grunt_forest_stairs_basic, serial_bayou_lagoon_a, grunt_megastairs_5
Lair:4:   layout_hall_layers, spider_nest_entry_web_field, basic_altar,
          serial_bayou_pond_b
Lair:5:   layout_gridlike, nicolae_slime_entry_slimehenge, minivault_27,
          small_statue_intersection, serial_bayou_shore_b
Lair:6:   hangedman_lair_tendril_chambers, layout_regular_city, wormcave,
          uniq_josephine

Skill      XL: |  1  2  3  4  5  6  7  8  9 10 11 12 13 14 |
---------------+-------------------------------------------+-----
Conjurations   | 1 2 3 4 5 7 8 9 10 | 10.0
Spellcasting   | 3 4 5 6 8 10 11 13 | 13.0
Air Magic      | 3 4 5 6 7 8 |  8.0
Charms         | 1 |  1.0
Fighting       | 4 5 7 |  7.1
Dodging        | 4 5 6 |  6.1
Armour         | 4 5 6 |  6.1
Maces & Flails | 7 8 |  8.7
Evocations     | 2 4 5 6 |  6.0
Stealth        | 4 7 |  7.0

Action                   |  1- 3 |  4- 6 |  7- 9 | 10-12 | 13-15 || total
-------------------------+-------+-------+-------+-------+-------++-------
Melee: Unarmed           |    11 |       |       |       |       ||    11
       Dagger            |    17 |    47 |    35 |       |       ||    99
       Dire flail        |       |       |    73 |   364 |   529 ||   966
 Fire: Shortbow          |       |       |       |     4 |       ||     4
Throw: Stone             |       |       |     1 |       |     2 ||     3
 Cast: Shock             |    57 |   110 |   231 |   221 |    51 ||   670
       Swiftness         |       |     1 |     2 |     5 |     2 ||    10
       Static Discharge  |       |     1 |       |     4 |    23 ||    28
       Lightning Bolt    |       |       |     6 |    27 |    14 ||    47
       Airstrike         |       |       |     2 |   126 |    53 ||   181
       Searing Ray       |       |       |       |     6 |     6 ||    12
       Dazzling Spray    |       |       |       |     1 |    21 ||    22
Invok: Call Merchant     |       |       |       |     2 |     2 ||     4
       Potion Petition   |       |       |       |       |     2 ||     2
Evoke: Wand              |       |       |       |    15 |     6 ||    21
       Phial of floods   |       |       |       |     1 |       ||     1
  Use: Scroll            |       |     9 |     8 |    17 |     4 ||    38
 Stab: Sleeping          |       |     1 |     2 |     1 |     1 ||     5
       Paralysed         |       |       |       |     6 |     5 ||    11
       Distracted        |       |       |       |     1 |     5 ||     6
       Invisible         |       |       |       |       |     8 ||     8
Armor: Robe              |     5 |       |       |       |       ||     5
       Leather armour    |     6 |    28 |    61 |     8 |       ||   103
       Ring mail         |       |       |       |   237 |   286 ||   523
Dodge: Dodged            |    41 |    54 |   119 |   403 |   415 ||  1032

Table legend:
 A = Non-vault XP
 B = Vault XP
 C = Vault XP percentage of total XP
 D = Non-vault monster count
 E = Vault monster count
 F = Vault count percentage of total count
                 A         B        C        D         E       F
            +---------+---------+-------+---------+---------+-------
      Total |   64886 |   24461 |  27.4 |     395 |     138 |  25.9
            +---------+---------+-------+---------+---------+-------
        D:1 |      53 |       0 |   0.0 |      27 |       0 |   0.0
        D:2 |      65 |       7 |   9.7 |      13 |       4 |  23.5
        D:3 |     215 |       0 |   0.0 |      19 |       0 |   0.0
        D:4 |     297 |       0 |   0.0 |      15 |       0 |   0.0
        D:5 |     637 |     172 |  21.3 |      23 |       1 |   4.2
        D:6 |    1214 |       0 |   0.0 |      25 |       0 |   0.0
        D:7 |    1159 |       0 |   0.0 |      18 |       0 |   0.0
        D:8 |    2165 |     284 |  11.6 |      24 |       3 |  11.1
        D:9 |    1496 |    2640 |  63.8 |      21 |      13 |  38.2
       D:10 |    2075 |    1602 |  43.6 |      19 |      16 |  45.7
       D:11 |    7505 |     745 |   9.0 |      27 |      26 |  49.1
       D:12 |    6091 |     344 |   5.3 |      32 |       2 |   5.9
     Lair:1 |    3216 |    2295 |  41.6 |       8 |       8 |  50.0
     Lair:2 |    3488 |     953 |  21.5 |      13 |       4 |  23.5
     Lair:3 |    3216 |     964 |  23.1 |      11 |       5 |  31.2
     Lair:4 |    2442 |     902 |  27.0 |      14 |       5 |  26.3
     Lair:5 |    9002 |     158 |   1.7 |      30 |       7 |  18.9
     Lair:6 |   20550 |   13395 |  39.5 |      56 |      44 |  44.0
            +---------+---------+-------+---------+---------+-------
